 Dungeon Crawl Stone Soup version 0.28.0 (webtiles) character file.

Game seed: 1939765212397278008

1433 arthad the Skirmisher (level 8, 0/52 HPs)
             Began as a Gargoyle Fighter on Feb 13, 2022.
             Was a Plaything of Xom.
             Slain by an orc warrior (1 damage)
             ... on level 6 of the Dungeon.
             The game lasted 00:10:49 (4538 turns).

arthad the Skirmisher (Gargoyle Fighter)            Turns: 4538, Time: 00:10:51

Health: 0/52       AC: 14    Str: 33    XL:     8   Next: 73%
Magic:  8/8        EV: 11    Int: 13    God:    Xom [...*..]
Gold:   213        SH:  0    Dex:  9    Spells: 7/7 levels left

rFire   . . .      SeeInvis +   s - +6 spear of Pestilence {vamp, *Noise Str+4 Int+5 SInv}
rCold   . . .      Faith    .   D - orb {mayhem}
rNeg    + . .      Spirit   .   b - +0 scale mail
rPois   ∞          Reflect  .   (no helmet)
rElec   +          Harm     .   I - +0 cloak
rCorr   .          Rampage  .   (no gloves)
Will    .....                   (no boots)
Stlth   ..........              (no amulet)
HPRegen 0.17/turn               k - +6 ring of strength
MPRegen 0.11/turn               A - ring of see invisible

@: attractive
A: sickness immunity, AC +5, negative energy resistance 1, electricity
resistance, torment resistance 1, petrification resistance
a: Renounce Religion


You were on level 6 of the Dungeon.
You worshipped Xom.
You were a favourite toy of Xom.
You visited 1 branch of the dungeon, and saw 6 of its levels.

You collected 213 gold pieces.

Inventory:

Hand Weapons
 a - a +0 war axe
 n - a +1 war axe of freezing
 s - the +6 spear of Pestilence (weapon) {vamp, *Noise Str+4 Int+5 SInv}
   (You found it on level 3 of the Dungeon)

   It occasionally heals its wielder for a portion of the damage dealt when it
   wounds a living foe.
   Str:       It affects your strength (+4).
   Int:       It affects your intelligence (+5).
   SInv:      It lets you see invisible.
   *Noise:    It may make noises in combat.
Missiles
 u - 45 arrows
 v - 2 datura-tipped darts (quivered)
 B - 2 throwing nets
 F - 6 atropa-tipped darts
Armour
 b - a +0 scale mail (worn)
 c - a +0 buckler
 q - a +2 robe of resistance
 D - an orb of mayhem (worn)
 G - an orb of energy
 I - a +0 cloak (worn)
Jewellery
 k - a +6 ring of strength (left hand)
 r - a ring of ice
 A - a ring of see invisible (right hand)
 C - an amulet of faith
 E - a ring of protection from fire
Wands
 w - a wand of polymorph (9)
 K - a wand of acid (5)
Scrolls
 h - 2 scrolls of noise {unknown}
 m - a scroll of immolation {unknown}
 x - a scroll of fog {unknown}
 y - 3 scrolls of identify {unknown}
 H - a scroll of holy word {unknown}
Potions
 d - 2 potions of might
 e - a potion of magic {unknown}
 f - a potion of heal wounds {unknown}
 g - a potion of cancellation
 i - 2 potions of attraction
 j - a potion of resistance {unknown}
 l - 2 potions of haste
 o - 2 potions of ambrosia {unknown}
 p - 2 potions of brilliance
 t - 2 potions of lignification {unknown}
 z - a potion of mutation {unknown}


   Skills:
 * Level 6.7 Fighting
 * Level 5.1(5.5) Axes
 + Level 2.6(4.2) Polearms
 + Level 5.3 Armour
 + Level 2.5 Dodging
 + Level 5.3 Shields


You had 7 spell levels left.
You didn't know any spells.
Your spell library contained the following spells:

 Spells                   Type           Power      Damage    Failure   Level
 Shock                    Conj/Air       0%         1d3       50%         1
 Slow                     Hex            0%         N/A       50%         1
 Static Discharge         Conj/Air       0%         N/A       65%         2
 Swiftness                Air            0%         N/A       86%         3
 Airstrike                Air            0%         N/A       99%         4
 Lightning Bolt           Conj/Air       0%         1d11      100%        5
 Maxwell's Capacitive Co  Air            0%         ∞         100%        8


Dungeon Overview and Level Annotations

Branches:
Dungeon (6/15)             Temple (0/1) D:5

Altars:
Sif Muna
Trog
Xom
Yredelemnul

Portals:
Abyss: D:5

Annotations:
D:5 2 transporters, Arex's ghost, novice HOAK


Innate Abilities, Weirdness & Mutations

You are immune to sickness and miasma.
Your stone body is resilient. (AC +5)
You are immune to poison.
You resist negative energy. (rN+)
You are resistant to electric shocks. (rElec)
You are resistant to unholy torment.
You are immune to petrification.


Message History

You closely miss the hound. The hound bites you.
The orc priest calls down the wrath of Beogh upon you.
Beogh smites you!
The ogre closely misses something.
The orc warrior hits you with a +0 dire flail!
Something bites the ogre!
The hound bites you.
* * * LOW HITPOINT WARNING * * *
It was a potion of attraction.
You feel attractive to monsters.
The ogre hits something with a +0 giant club!
You feel a bit more experienced. The hound bites you.
* * * LOW HITPOINT WARNING * * *
The orc priest hits you but does no damage.
The orc warrior hits you but does no damage.
The scorpion is attracted toward you. The ogre is attracted toward you.
Okay, then.
It was a potion of haste.
You feel yourself speed up.
Xom thinks this is hilarious!
You feel less confused. The hound bites you but does no damage.
The orc priest hits you but does no damage.
The hound misses you.
Okay, then.
The ogre hits the orc priest with a +0 giant club.
The orc priest calls down the wrath of Beogh upon you.
Beogh smites you!
* * * LOW HITPOINT WARNING * * *
The orc warrior barely misses you. The orc priest is attracted toward you.
The ogre is attracted toward you.
The ogre hits the orc priest with a +0 giant club!
The orc priest dies!
The orc warrior is attracted toward you.
The hound is attracted toward you. The ogre is attracted toward you.
It was a potion of cancellation.
Your magical effects are unravelling.
You feel magically purged.
You feel yourself slow down. The hound bites you but does no damage.
The orc warrior hits you with a +0 dire flail.
You die...
Xom thinks this is hilarious!

..#........## #...........
#..........#
#..........####
.#.............
........)..# .....§§)§..#
#########
##......Ohs########.[......
#......oo@.......#........
#.........######.#........
...........................
###.......#########...>....
##.....## #........ #######
#########


You could see an orc warrior, a scorpion, a hound, an orc wizard and a neutral
ogre (fast, strong, insane, unaware).

Vanquished Creatures
  2 sky beasts (D:5)
  2 black bears (D:5)
  An ice beast (D:5)
  4 necrophages
  A wyvern zombie (D:6)
  A scorpion (D:5)
  A water moccasin zombie (D:5)
  A hound (D:5)
  A jelly (D:5)
  A centaur skeleton (D:5)
  Jessica (D:3)
  Ijyb (D:3)
  Terence (D:3)
  An orc wizard (D:6)
  A hound zombie (D:5)
  4 adders
  A white imp (D:5)
  2 worms
  5 dart slugs
  4 orcs
  7 bats
  3 endoplasms
  4 giant cockroaches
  7 goblins
  6 hobgoblins
  10 jackals
  2 quokkas
  3 ball pythons
  A frilled lizard (D:1)
  9 kobolds
  5 rats
93 creatures vanquished.

Vanquished Creatures (collateral kills)
  An ogre (D:4)
  An orc priest (D:6)
  A river rat (D:6)
  An orc (D:4)
4 creatures vanquished.

Grand Total: 97 creatures vanquished

Notes
Turn   | Place    | Note
-------+----------+-------------------------------------------
     0 | D:1      | arthad the Gargoyle Fighter began the quest for the Orb.
     0 | D:1      | Reached XP level 1. HP: 14/14 MP: 1/1
    84 | D:1      | Found a faded altar of an unknown god.
    92 | D:1      | Got Plato's Compendium of Execration
    93 | D:1      | Prayed at the altar of an unknown god.
    93 | D:1      | Became a worshipper of Xom of Chaos
   249 | D:1      | Reached XP level 2. HP: 18/19 MP: 2/2
   639 | D:2      | Reached XP level 3. HP: 20/23 MP: 3/3
   678 | D:2      | XOM: silly message
   685 | D:2      | XOM: silly message
  1425 | D:2      | Found a bloodstained altar of Trog.
  1599 | D:2      | Reached XP level 4. HP: 29/29 MP: 4/4
  1706 | D:3      | Noticed Terence
  1710 | D:3      | XOM: cast spell 'Summon Ice Beast'
  1718 | D:3      | Killed Terence
  1719 | D:3      | Reached skill level 4 in Fighting
  1828 | D:3      | Noticed Jessica
  1833 | D:3      | Killed Jessica
  1834 | D:3      | Reached XP level 5. HP: 32/33 MP: 5/5
  1872 | D:3      | XOM: confuse monster(s)
  1932 | D:3      | Found a basalt altar of Yredelemnul.
  1987 | D:3      | Found a shimmering blue altar of Sif Muna.
  2009 | D:3      | Identified the +6 spear of Pestilence {vamp, *Noise Str+4
                  | Int+5 SInv}
  2111 | D:3      | XOM: god gift: 2 datura-tipped darts
  2137 | D:3      | XOM: silly message
  2217 | D:3      | Noticed Ijyb
  2235 | D:3      | Killed Ijyb
  2533 | D:4      | Noticed an ogre
  2533 | D:4      | XOM: enchant monster (bad)
  2534 | D:4      | XOM: summons friendly shadow imp
  2538 | D:4      | Killed an ogre
  2539 | D:4      | Reached skill level 1 in Dodging
  2539 | D:4      | Reached XP level 6. HP: 5/39 MP: 6/6
  3107 | D:4      | XOM: god gift: 6 atropa-tipped darts
  3190 | D:5      | Entered Level 5 of the Dungeon
  3190 | D:5      | Found a staircase to the Ecumenical Temple.
  3207 | D:5      | Found a transporter.
  3224 | D:5      | Noticed an ice beast
  3224 | D:5      | XOM: divination: magic mapping
  3228 | D:5      | Killed an ice beast
  3229 | D:5      | Reached skill level 5 in Fighting
  3229 | D:5      | Reached skill level 1 in Polearms
  3234 | D:5      | Reached XP level 7. HP: 33/44 MP: 7/7
  3459 | D:5      | XOM: summons 2 friendly demons
  3513 | D:5      | XOM: potion effect (brilliance)
  3590 | D:5      | Noticed Arex's ghost (novice HOAK)
  3618 | D:5      | Reached XP level 8. HP: 44/51 MP: 8/8
  3680 | D:5      | XOM: god gift: potion of might
  3756 | D:5      | XOM: 1-stop teleportation journey
  3823 | D:5      | Reached skill level 6 in Fighting
  4013 | D:5      | XOM: fog
  4021 | D:5      | Reached skill level 5 in Armour
  4021 | D:5      | Reached skill level 5 in Shields
  4047 | D:5      | XOM: confuse monster(s)
  4260 | D:5      | Found a transporter.
  4262 | D:5      | Found a one-way gate to the infinite horrors of the Abyss.
  4272 | D:5      | Noticed an ancient zyme
  4363 | D:5      | XOM: god gift: tapered iron wand {god gift}
  4430 | D:6      | Reached skill level 5 in Axes
  4536 | D:6      | HP: 1/52 [orc priest/divine providence (11)]
  4538 | D:6      | Slain by an orc warrior

Illustrated notes

Levels and vault maps discovered:
D:1:      dpeg_arrival_simpleton_b, layout_rooms,
          shapermc_ecumenical_altar_rom_forum
D:2:      layout_basic, basic_altar, amcnicky_mini_pool_small,
          minmay_misc_feat_tiny
D:3:      layout_loops_ring, lemuel_round_altar, mainiacjoe_overflow_alcove_4,
          grunt_ministairs_5, uniq_jessica, uniq_terence, uniq_ijyb
D:4:      layout_rooms, minmay_misc_feat_columns
D:5:      minmay_angry_zag, layout_basic, temple_fountains,
          gammafunk_ghost_abyssal_escape
D:6:      layout_rooms, portal_sewer_entry_b, uniq_edmund

Skill      XL: |  1  2  3  4  5  6  7  8 |
---------------+-------------------------+-----
Axes           | 2 3 4 5 |  5.1
Fighting       | 4 5 6 |  6.7
Armour         | 4 5 |  5.3
Shields        | 4 5 |  5.3
Dodging        | 1 2 |  2.5
Polearms       | 1 2 |  2.6

Action                   |  1- 3 |  4- 6 |  7- 9 || total
-------------------------+-------+-------+-------++-------
Melee: War axe           |   110 |    44 |       ||   154
       Spear             |       |    79 |   104 ||   183
Throw: Dart              |       |     1 |       ||     1
  Use: Potion            |       |       |     3 ||     3
       Scroll            |       |       |     1 ||     1
 Stab: Distracted        |       |     1 |       ||     1
Armor: Scale mail        |    77 |    49 |    41 ||   167
Dodge: Dodged            |    57 |    49 |    33 ||   139
Block: Buckler           |    27 |    21 |     4 ||    52
